 Dungeon Crawl Stone Soup version 0.27.0-1-g7a089689b8 (webtiles) character file.

Game seed: 16082076853754483572

18 Acheron the Skirmisher (level 2, -3/24 HPs)
             Began as a Demonspawn Abyssal Knight on Aug 12, 2021.
             Was a Follower of Lugonu.
             Slain by a gnoll (4 damage)
             ... on level 1 of the Dungeon.
             The game lasted 00:03:36 (1152 turns).

Acheron the Skirmisher (Demonspawn Abyssal Knight)  Turns: 1152, Time: 00:03:37

Health: -3/24      AC:  4    Str: 12    XL:     2   Next: 51%
Magic:  3/3        EV: 11    Int: 13    God:    Lugonu [*.....]
Gold:   0          SH:  0    Dex: 12    Spells: 1/1 levels left

rFire    . . .     SeeInvis .   a - +1 hand axe
rCold    . . .     Faith    .   (no shield)
rNeg     . . .     Spirit   .   b - +0 leather armour
rPois    .         Reflect  .   h - +0 helmet
rElec    .         Harm     .   (no cloak)
rCorr    .         Rampage  .   (no gloves)
Will     .....                  (no boots)
Stlth    +.........             (no amulet)
HPRegen  0.08/turn              (no ring)
MPRegen  0.08/turn              (no ring)

@: no status effects
A: powered by pain 1
a: Renounce Religion, Depart the Abyss


You were on level 1 of the Dungeon.
You worshipped Lugonu.
Lugonu was aware of your devotion.
You visited 1 branch of the dungeon, and saw 2 of its levels.
You visited the Abyss 1 time.

Inventory:

Hand Weapons
 a - a +1 hand axe (weapon)
 c - a +0 falchion
 k - a +0 short sword
Missiles
 e - 11 poisoned darts
Armour
 b - a +0 leather armour (worn)
 h - a +0 helmet (worn)
Scrolls
 d - a scroll of teleportation {unknown}
 g - 3 scrolls of identify {unknown}
 i - a scroll of vulnerability {unknown}
Potions
 f - a potion of curing {unknown}
 j - a potion of berserk rage {unknown}


   Skills:
 + Level 3.5 Fighting
 + Level 2.0 Axes
 + Level 1.9 Armour
 * Level 0.8 Dodging
 * Level 2.6 Invocations


You had one spell level left.
You didn't know any spells.
Your spell library contained the following spells:

 Spells                   Type           Power      Damage    Failure   Level
 Sandblast                Erth           0%         2d4       36%         1
 Passwall                 Tmut/Erth      0%         N/A       52%         2
 Lee's Rapid Deconstruct  Erth           0%         3d5*      100%        5


Dungeon Overview and Level Annotations

Branches:
Dungeon (2/15)

Altars:

Shops:
D:1 [


Innate Abilities, Weirdness & Mutations

You sometimes gain a little power by taking damage.


Message History

Lugonu accepts your kill.
i - a scroll labelled CIENGA UTOUGRI You see here a +0 short sword.
j - a bubbling red potion You see here a +0 short sword.
k - a +0 short sword You start resting.
HP restored.
There is a stone staircase leading down here.
You climb downwards.
A quokka, a hobgoblin and 4 gnolls come into view.
The hobgoblin shouts!
The gnoll shouts! x3
There is a stone staircase leading up here.
The quokka bites you but does no damage.
The gnoll hits you with a +0 spear. The gnoll hits you with a +0 club.
You climb upwards.
There is a stone staircase leading down here.
The gnoll hits you from afar with a +0 spear.
The quokka barely misses you.
A goblin comes into view. It is wielding a +0 dagger.
Found a robe.
A dart slug comes into view.
The dart slug launches a dart at you. The slug dart hits you.
A rat comes into view.
The quokka barely misses you.
The rat moves out of view.
Found 12 gold pieces.
The dart slug misses you. The dart slug launches a dart at you.
The slug dart misses you. The rat bites you but does no damage.
You hit the rat.
The rat is moderately wounded.
You hit the quokka. The quokka bites you. x2
* * * LOW HITPOINT WARNING * * *
The rat closely misses you.
The gnoll hits you from afar with a +0 spear.
* * * LOW HITPOINT WARNING * * *
The dart slug barely misses you. The rat barely misses you.
The gnoll hits you from afar with a +0 spear.
You die...

#.#.#.###.#.g.#g#.#
.)......>.........#
#.#.......###.#g###
..#.......# #.#.#.#
..........# #.#.g.#
.....####.# #.###g#
.....# #.#
#.###g### #.....#
#.###....w..#
#.....+
......$.@r#.#
#.....#
.###....r..#
#......# #.#######
#......# #.
######.# # ...# .#
##.#


You could see 2 gnolls, a dart slug, a quokka and a rat.

Vanquished Creatures
  3 ball pythons (D:1)
  An endoplasm (D:1)
  2 giant cockroaches (D:1)
  3 goblins (D:1)
  A hobgoblin (D:1)
  3 frilled lizards (D:1)
  3 kobolds (D:1)
  A rat (D:1)
17 creatures vanquished.

Notes
Turn   | Place    | Note
-------+----------+-------------------------------------------
     0 | Abyss:1  | Acheron the Demonspawn Abyssal Knight began the quest for
                  | the Orb.
     0 | Abyss:1  | Reached XP level 1. HP: 18/18 MP: 2/2
     0 | Abyss:1  | Found a corrupted altar of Lugonu.
    21 | D:1      | Escaped the Abyss
   161 | D:1      | Gained mutation: You sometimes gain a little power by
                  | taking damage. [demonic ancestry]
   161 | D:1      | Reached XP level 2. HP: 9/24 MP: 3/3
   911 | D:1      | Found Razounili's Armour Shop.
  1151 | D:1      | HP: 1/24 [gnoll (4)]
  1152 | D:1      | Slain by a gnoll

Illustrated notes

Levels and vault maps discovered:
D:1:      lightli_arrival_chessboard, layout_basic, serial_shops,
          nicolae_shop_waterfront
D:2:      wad_pebble_path, layout_rooms, basic_altar

Skill      XL: |  1  2 |
---------------+-------+-----
Axes           | 2 |  2.0
Fighting       | |  3.5
Armour         | |  1.9
Dodging        | |  0.8
Invocations    | |  2.6

Action                   || total
-------------------------++-------
Melee: Hand axe          ||    58
Armor: Leather armour    ||    10
Dodge: Dodged            ||    36
